[Event "*** Qualifier 2: Titled Tuesday 3|2 Blitz"]
[Site "Chess.com"]
[Date "2017.04.11"]
[Round "6"]
[White "johnathan113"]
[Black "Alexander_Donchenko"]
[Result "1-0"]
[WhiteElo "2441"]
[BlackElo "2565"]
[TimeControl "180+2"]
[EndTime "14:24:03 PDT"]
[Termination "johnathan113 won by resignation"]

1. d4 d5 2. Nc3 c6 3. Bf4 Nf6 4.
Qd2 Bf5 5. f3 e6 6. g4 Bg6 7. h4 h5 8. g5 Nfd7 9. e3 Nb6 10. Bd3 Bxd3 11. cxd3 g6 12. Nge2 Bg7 13. Kf2 N8d7 14. a4 a5 15. Bd6 Nc8 16. Ba3 Ne7 17. e4 O-O 18. Kg2 Re8 19. Rac1 e5 20. dxe5 Nxe5 21. Qe3 Qd7 22. b3 d4 23. Qxd4 Qe6 24.
Qb6 Nxd3 25. Rcd1 Rad8 26. Qxa5 Rd7 27. Qb6 Red8 28. Qe3 Bxc3 29. Nxc3 Nf4+ 30. Qxf4 Rxd1 31. Rxd1 Rxd1 32. Nxd1 Nc8 33. Bb2 Qxb3 34. Qe5 Kf8 35. Qh8+ Ke7 36. Bf6+ Kd6 37. Qxc8 Qc2+ 38. Nf2 1-0

[Event "*** Qualifier 2: Titled Tuesday 3|2 Blitz"]
[Site "Chess.com"]
[Date "2017.04.11"]
[Round "6"]
[White "GMHess"]
[Black "Marcus_Harvey"]
[Result "1-0"]
[WhiteElo "2630"]
[BlackElo "2517"]
[TimeControl "180+2"]
[EndTime "14:24:09 PDT"]
[Termination "GMHess won by resignation"]

1. d4 e6 2. e4 d5 3. Nc3 Nf6 4.
Bg5 dxe4 5. Nxe4 Be7 6. Bxf6 gxf6 7. Nf3 f5 8. Nc3 a6 9. Qe2 b5 10. O-O-O b4 11. Na4 Qd5 12. Kb1 Bd7 13. Nc5 Bb5 14. Qe5 Qxe5 15. Nxe5 Bxc5 16. Bxb5+ axb5 17. dxc5 f6 18. Nf3 e5 19. Nh4 f4 20. g3 fxg3 21. hxg3 Nc6 22. Ng6 Rg8 23. Rxh7 Rd8 24. Rxd8+ Kxd8 25. Nh4 Kc8 26. Rf7 Rd8 27. Kc1 Nd4 28. c3 b3 29.
axb3 Nxb3+ 30. Kc2 Nxc5 31. Rxf6 Ne4 32. Rf5 Rd2+ 33.
Kc1 Rxf2 34. Rxe5 Rf1+ 35. Kc2 Rf2+ 36. Kd3 Nxg3 37. Rxb5 Nf1 38. b4 Rd2+ 39. Kc4 Ne3+ 40. Kb3 Nd5 41. Nf5 Rd3 42. Rxd5 Rd2 1-0

[Event "*** Qualifier 2: Titled Tuesday 3|2 Blitz"]
[Site "Chess.com"]
[Date "2017.04.11"]
[Round "6"]
[White "Bugcrusher"]
[Black "Robin-Side"]
[Result "1-0"]
[WhiteElo "2404"]
[BlackElo "2392"]
[TimeControl "180+2"]
[EndTime "14:24:09 PDT"]
[Termination "Bugcrusher won by resignation"]

1. d4 Nf6 2. c4 g6 3. Nc3 d5 4. Nf3 Bg7 5. cxd5 Nxd5 6. Bg5 Nxc3 7. bxc3 c5 8. e3 O-O 9. Be2 Nc6 10. O-O cxd4 11.
exd4 Be6 12. Re1 Na5 13. Bd3 Re8 14. Ne5 f6 15. Nf3 Bf7 16. Bh4 Nc4 17. Qe2 Rc8 18.
Rad1 b5 19. h3 Qa5 20. Rc1 Qa3 21. Bg3 a6 22. Bb1 Nb6 23. Qd3 Na4 24. d5 Rxc3 25. Rxc3 Qxc3 26. Qd1 Nb2 27. Qe2 Bxd5 28. Be4 Bf7 29. Bf4 Nc4 30. Rd1 e5 31. Bc1 Qa5 32. h4 Rd8 33. Re1 Bd5 34. h5 f5 35. Bxd5+ Rxd5 36. hxg6 hxg6 37. Nh4 Qb6 38. Rf1 Qf6 39. g3 g5 40. Nf3 e4 41. Nxg5 Bh6 42. Qh5 Bxg5 43. Bxg5 Qf7 44. Qh4 Nd2 45. Bxd2 Rxd2 46. Qg5+ Qg7 47.
Qxd2 1-0

[Event "*** Qualifier 2: Titled Tuesday 3|2 Blitz"]
[Site "Chess.com"]
[Date "2017.04.11"]
[Round "6"]
[White "pastouche06"]
[Black "saraswathii"]
[Result "0-1"]
[WhiteElo "2303"]
[BlackElo "2214"]
[TimeControl "180+2"]
[EndTime "14:24:10 PDT"]
[Termination "saraswathii won by resignation"]

1. c4 Nc6 2. Nc3 e5 3. g3 Nf6 4. Bg2 Bc5 5. Nf3 d6 6. O-O Be6 7. b3 h6 8. e3 Bg4 9. h3 Bh5 10. g4 Bg6 11. d4 Bb4 12. Nd5 e4 13. Nxf6+ Qxf6 14. Nd2 Qe7 15. Qc2 Bxd2 16. Qxd2 O-O 17.
Bb2 f5 18. f3 exf3 19. Bxf3 fxg4 20. hxg4 Rae8 21. Rae1 Be4 22. Qg2 Bd3 23. Rf2 Qg5 24. e4 Qg6 25. Rd2 Rxf3 26. Qxf3 Bxe4 27. Qf4 Nb4 28. Re3 Bc6 29. Rxe8+ Bxe8 30. d5 Bd7 31. a3 Nd3 32. Qd4 Ne5 33. Qf4 Nxg4 34. Kf1 Bf5 35. Rg2 h5 36. Qd4 Be4 37. Re2 Bd3 38. Ke1 Bxe2 39. Kxe2 Ne5 40. Qf4 Qc2+ 41. Qd2 Qe4+ 42.
Qe3 Qg2+ 43. Qf2 Qxf2+ 44. Kxf2 Nd3+ 0-1

[Event "*** Qualifier 2: Titled Tuesday 3|2 Blitz"]
[Site "Chess.com"]
[Date "2017.04.11"]
[Round "6"]
[White "rst2003"]
[Black "woodhy"]
[Result "1-0"]
[WhiteElo "2129"]
[BlackElo "2095"]
[TimeControl "180+2"]
[EndTime "14:24:11 PDT"]
[Termination "rst2003 won by checkmate"]

1. e4 e6 2. d4 d5 3. Nd2 c5 4. Ngf3 Nc6 5. exd5 exd5 6. Bb5 Bd6 7.
O-O Ne7 8. Re1 O-O 9. dxc5 Bxc5 10. Nb3 Bb6 11. h3 Qd6 12. c3 Bxh3 13. gxh3 Qg3+ 14.
Kh1 Bxf2 15. Rf1 Nf5 16. Nh2 Nh4 17. Qg4 a6 18. Bxc6 bxc6 19. Bf4 Qxg4 20. Nxg4 Bb6 21. Ne5 Rfc8 22. Bg3 Ng6 23. Nxf7 c5 24. Rad1 d4 25. cxd4 cxd4 26. Nd6 Rc2 27. Nxd4 Rxb2 28. Ne6 Rxa2 29. Rf7 Ra7 30. Rdf1 h6 31. Rxa7 Bxa7 32. Rf7 Ra1+ 33. Kh2 Ra2+ 34. Kh1 Ra1+ 35. Kg2 Ra2+ 36. Kf3 Ra3+ 37.
Kg4 Rxg3+ 38. Kxg3 Bb8 39. Rxg7+ Kh8 40. Rxg6 Bxd6+ 41. Kg4 Kh7 42. Kf5 a5 43. Rg7+ Kh8 44. Kg6 a4 45.
Nd8 a3 46. Nf7# 1-0

[Event "*** Qualifier 2: Titled Tuesday 3|2 Blitz"]
[Site "Chess.com"]
[Date "2017.04.11"]
[Round "6"]
[White "Iball95"]
[Black "afgano29"]
[Result "1-0"]
[WhiteElo "2541"]
[BlackElo "2374"]
[TimeControl "180+2"]
[EndTime "14:24:20 PDT"]
[Termination "Iball95 won by resignation"]

1. e4 c5 2. Nf3 d6 3. Bb5+ Bd7 4.
Bxd7+ Nxd7 5. c4 Ngf6 6. Nc3 g6 7. O-O Bg7 8. d4 cxd4 9. Nxd4 O-O 10. b3 Rc8 11.
Be3 a6 12. Rc1 Ne5 13. f3 Nc6 14. Qd2 Nd7 15. Rfd1 Nxd4 16. Bxd4 Bxd4+ 17. Qxd4 Qb6 18. Nd5 Qxd4+ 19. Rxd4 Rfe8 20. Rcd1 Kf8 21. Kf2 Rc6 22. Nb4 Rc5 23. R1d2 Nb8 24. Rd5 Rxd5 25. Nxd5 Nd7 26. Ke3 Rc8 27. Kd4 Nc5 28. Rc2 Ne6+ 29. Kd3 Nc5+ 30.
Ke3 Nd7 31. h4 h5 32. g3 Ne5 33. f4 Nd7 34. Kd4 e6 35. Nc3 Ke7 36. Rd2 Nb8 37.
Ke3 Nc6 38. Ne2 Na7 39. Nd4 Nc6 40. Nxc6+ Rxc6 41. Kd4 Rc5 42. b4 Rc8 43. Rc2 Rd8 44. a3 f6 45. Ke3 Rc8 46. Kd3 Rc6 47. a4 Rc8 48. Rb2 Rg8 49. Rh2 Rc8 50. Rc2 Rg8 51.
c5 g5 52. hxg5 fxg5 53. c6 bxc6 54. Rxc6 gxf4 55. gxf4 h4 56. Rxa6 Rh8 57. Rc6 h3 58.
Rc1 h2 59. Rh1 Kd7 60. b5 Kc7 61. a5 Kb7 62. Ke3 Rh5 63. Kf3 Kc7 64. b6+ Kc6 65. Kg4 Rxa5 66. Rxh2 e5 67. f5 Kxb6 68. f6 Kc6 69. f7 Ra8 70. Kf5 Kd7 71. Kf6 1-0

[Event "*** Qualifier 2: Titled Tuesday 3|2 Blitz"]
[Site "Chess.com"]
[Date "2017.04.11"]
[Round "6"]
[White "Sebastian"]
[Black "penguingm1"]
[Result "1/2-1/2"]
[WhiteElo "2688"]
[BlackElo "2590"]
[TimeControl "180+2"]
[EndTime "14:24:21 PDT"]
[Termination "Game drawn by agreement"]

1. e4 e6 2. d4 d5 3. Nc3 dxe4 4.
Nxe4 Nd7 5. Nf3 Ngf6 6. Nxf6+ Nxf6 7. Ne5 c5 8. Bb5+ Bd7 9. Nxd7 Qa5+ 10. c3 Qxb5 11. Nxf8 Kxf8 12. dxc5 Qxc5 13. Be3 Qb5 14.
Qb3 Qc6 15. O-O h6 16. Rad1 Kg8 17. Rd4 b6 18. Rfd1 Re8 19. h3 Kh7 20. Qc2+ g6 21.
Rd6 Qc7 22. Qa4 Re7 23. Qh4 Nd5 24. Qg3 Nxe3 25. Qxe3 Rc8 26. Qd2 Qc5 27. Qf4 Kg7 28. h4 Rcc7 29. Rd8 e5 30. Qe4 Qc6 31. R1d5 Qf6 32. R5d6 Re6 33. R6d7 Rxd7 34. Rxd7 Re7 35. Rxe7 Qxe7 36. g3 Qd6 37. Kg2 a5 38. a4 h5 39. b4 Qc7 40. bxa5 bxa5 41. c4 Qc5 42. Qd3 Qc6+ 43. Kg1 Qxa4 44. Qd5 Qa1+ 45. Kg2 Qd4 46. Qxa5 Qe4+ 47. Kg1 Qxc4 48. Qxe5+ Kh7 1/2-1/2

[Event "*** Qualifier 2: Titled Tuesday 3|2 Blitz"]
[Site "Chess.com"]
[Date "2017.04.11"]
[Round "6"]
[White "Vamostodorecto"]
[Black "DagurR"]
[Result "1-0"]
[WhiteElo "2336"]
[BlackElo "2424"]
[TimeControl "180+2"]
[EndTime "14:24:22 PDT"]
[Termination "Vamostodorecto won by resignation"]

1. d4 f5 2. e4 fxe4 3. Nc3 Nf6 4. Bg5 g6 5. h4 d5 6. h5 Bg7 7. hxg6 hxg6 8. Rxh8+ Bxh8 9. f3 Bf5 10. g4 Be6 11. Bxf6 Bxf6 12. Qd2 Qd6 13. O-O-O exf3 14. g5 Bg7 15. Nxf3 Nc6 16. Nb5 Qd7 17. Bd3 O-O-O 18. Bxg6 a6 19. Nc3 Bg4 20. Rf1 Rf8 21. Nh2 Rxf1+ 22.
Nxf1 Nxd4 23. Ne3 c6 24. Qf2 Be6 25. Bf7 b5 26. a3 a5 27. g6 Bf6 28. Kb1 b4 29. axb4 axb4 30. Na4 Qd6 31. Qg2 Qe5 32.
Ng4 Qe1+ 33. Ka2 b3+ 34. cxb3 Ne2 35. Bxe6+ Kc7 36. Qh2+ Kb7 37. Nc5+ Kb6 38. Na4+ Kb7 39. Nxf6 Nc1+ 40. Ka3 Qxe6 41. g7 Qe3 42. Qc2 c5 43.
g8=Q c4 44. Nxd5 Qd4 45. Qxc4 1-0

[Event "*** Qualifier 2: Titled Tuesday 3|2 Blitz"]
[Site "Chess.com"]
[Date "2017.04.11"]
[Round "6"]
[White "ruvat"]
[Black "prochn"]
[Result "1-0"]
[WhiteElo "2219"]
[BlackElo "2175"]
[TimeControl "180+2"]
[EndTime "14:24:26 PDT"]
[Termination "ruvat won by resignation"]

1. d4 d5 2. Nf3 Nf6 3. c4 c6 4. Qc2 a6 5. Bf4 g6 6. e3 Bg7 7.
Nbd2 O-O 8. Bd3 Nh5 9. Bg5 Nd7 10. Rc1 dxc4 11. Nxc4 h6 12. Bh4 g5 13. Bg3 Nxg3 14. hxg3 e6 15. b4 Qe7 16. a3 f5 17. Nfe5 Nxe5 18.
Nxe5 Bd7 19. Ng6 Qf6 20. Nxf8 Rxf8 21. Qc5 Rf7 22. O-O h5 23. f4 h4 24. gxh4 gxh4 25. Rf3 Bf8 26. Qc2 Rg7 27. Qf2 Be8 28. Rh3 Be7 29.
Be2 Bd8 30. Bf3 Kf8 31. Rc2 Rg8 32. g3 Rg7 33. Kh2 hxg3+ 34. Rxg3 Qh4+ 35. Kg2 Rh7 36. Qg1 Qh6 37. Kf1 Bh4 38. Rh2 c5 39. Rgh3 Bb5+ 40. Be2 Qh5 41. Qg2 Rg7 42. Qf3 Bxe2+ 43. Kxe2 Qxf3+ 44. Kxf3 Be1 45. bxc5 Bc3 46. Rh8+ Ke7 47. R8h7 Kf7 48.
Rxg7+ Kxg7 49. Rc2 Ba5 50. c6 1-0

[Event "*** Qualifier 2: Titled Tuesday 3|2 Blitz"]
[Site "Chess.com"]
[Date "2017.04.11"]
[Round "6"]
[White "sorito"]
[Black "Saitama_Hero"]
[Result "1-0"]
[WhiteElo "2301"]
[BlackElo "2176"]
[TimeControl "180+2"]
[EndTime "14:24:28 PDT"]
[Termination "sorito won on time"]

1. d4 Nf6 2. Nf3 g6 3. Bg5 Bg7 4. Nbd2 O-O 5. c3 d6 6. e4 e5 7.
dxe5 dxe5 8. Be2 Qe7 9. O-O c6 10. a4 Nbd7 11. Re1 Nc5 12. Bc4 Rd8 13. Qc2 Ne6 14. Bh4 Qc7 15. b4 Nf4 16. Ng5 Rf8 17.
Rad1 h6 18. Ngf3 Be6 19. g3 Bxc4 20. Nxc4 Ne6 21. Bxf6 Bxf6 22. Qd2 Kg7 23. Qd7 Rfe8 24. a5 Rad8 25. Qxc7 Nxc7 26. Rxd8 Rxd8 27. Ncxe5 Nb5 28. a6 bxa6 29. c4 Na3 30. Ra1 Nxc4 31. Nxc6 Rc8 32.
Rxa6 Re8 33. Rxa7 Rxe4 34. b5 Re2 35. Nfd4 Rb2 36. Ne6+ Kg8 37. Ra8+ Kh7 38. Nc7 Bc3 39. Nd5 Be1 40. Ra4 Bxf2+ 41. Kf1 Nd6 42. Rf4 Bc5 43. Ne5 Rxb5 44. Nxf7 Nf5 45. g4 Rb1+ 46. Ke2 Rb2+ 47.
Kd3 Nh4 48. Ne5 1-0

[Event "*** Qualifier 2: Titled Tuesday 3|2 Blitz"]
[Site "Chess.com"]
[Date "2017.04.11"]
[Round "6"]
[White "MartinMatthiesen"]
[Black "GamayevOleg"]
[Result "0-1"]
[WhiteElo "2247"]
[BlackElo "2392"]
[TimeControl "180+2"]
[EndTime "14:24:30 PDT"]
[Termination "GamayevOleg won by resignation"]

1. d4 d6 2. Nf3 Nf6 3. c4 Nbd7 4. Nc3 e5 5. e4 exd4 6. Nxd4 c6 7. Be2 a5 8. O-O Nc5 9. f3 Be7 10. Be3 O-O 11. Qc2 Re8 12. Rfd1 Qc7 13. b3 Bf8 14. Bf2 Nh5 15. Rd2 Nf4 16. Bf1 Ng6 17. Rad1 Ne5 18.
Bg3 Be7 19. Kh1 Qb6 20. Nf5 Bxf5 21. exf5 a4 22. Rb1 axb3 23. axb3 Qc7 24. b4 Ncd7 25. Ne4 Nf6 26. Nxf6+ Bxf6 27. Rbd1 Be7 28. Qc3 Bf8 29. f6 g6 30. c5 Rad8 31. h3 Qc8 32. cxd6 Nd7 33. Bc4 Nb6 34. Bb3 Qd7 35. Ra2 Ra8 36. Ra5 Rxa5 37. bxa5 Nc8 38. Qb4 Rd8 39. Qc4 h6 40. Qe4 Kh7 41. Qc4 Bxd6 42. Qxf7+ Qxf7 43. Bxf7 Rf8 44. Be6 Bxg3 45. Rd7+ Kh8 46. f7 Nd6 47. Kg1 Kg7 48. Kf1 Nxf7 49. Rxb7 Kf6 50. Bc4 Ne5 51.
Be2 Rd8 52. a6 Rd2 53. a7 Ra2 54. f4 Ra1+ 55. Bd1 Rxd1+ 56. Ke2 Re1+ 57. Kd2 Nc4+ 58. Kc3 Rc1+ 59. Kd4 Bf2+ 60. Kd3 Bxa7 61. Rxa7 Nd6 62.
Ke3 g5 63. fxg5+ hxg5 64. Rc7 Nf5+ 65. Kf3 Ne7 66. Kg4 Rc4+ 67. Kf3 Nd5 68. Rc8 Rc3+ 69. Ke4 Rc2 70. g3 Ke6 71. Rg8 Nf6+ 0-1

[Event "*** Qualifier 2: Titled Tuesday 3|2 Blitz"]
[Site "Chess.com"]
[Date "2017.04.11"]
[Round "6"]
[White "TenisMaster"]
[Black "ftorodent"]
[Result "1-0"]
[WhiteElo "2643"]
[BlackElo "2503"]
[TimeControl "180+2"]
[EndTime "14:24:34 PDT"]
[Termination "TenisMaster won by resignation"]

1. e4 e6 2. d4 d5 3. Nc3 Bb4 4.
e5 Ne7 5. a3 Bxc3+ 6. bxc3 c5 7. Qg4 O-O 8. Bd3 f5 9. exf6 Rxf6 10. Bg5 Rf7 11. Qh5 g6 12. Qd1 Nbc6 13. Nf3 Qa5 14.
Bd2 c4 15. Be2 Nf5 16. h4 Nd6 17. h5 Ne4 18. Kf1 Bd7 19. Kg1 Raf8 20. hxg6 hxg6 21. Rh6 Rg7 22. Qe1 g5 23. Nh2 Nxd4 24. cxd4 Qxd2 25.
Qxd2 Nxd2 26. Ng4 Ne4 27. f3 Ng3 28. Kf2 Nf5 29. Rh2 Rh7 30. Rxh7 Kxh7 31. c3 Ba4 32. Rb1 Bb3 33. Rh1+ Kg7 34. Rh5 Kg6 35. Rh2 b5 36.
Ne5+ Kg7 37. Rh5 Rh8 38. Rxg5+ Kf6 39. Rg6+ Ke7 40. Kg1 a5 41. g4 Nd6 42. Rg7+ Kf6 43. Rd7 b4 44. axb4 axb4 45. cxb4 Nb5 46. f4 Rf8 47. Rb7 Nxd4 48. Nd7+ Ke7 49. Nxf8+ Kxf8 50. Kf2 c3 51. Bd3 c2 52. Rc7 Bc4 53. Bxc2 Nxc2 54.
b5 Nb4 55. b6 Na6 56. b7 1-0

[Event "*** Qualifier 2: Titled Tuesday 3|2 Blitz"]
[Site "Chess.com"]
[Date "2017.04.11"]
[Round "6"]
[White "Gabix_94"]
[Black "wonderfultime"]
[Result "1-0"]
[WhiteElo "2529"]
[BlackElo "2661"]
[TimeControl "180+2"]
[EndTime "14:24:37 PDT"]
[Termination "Gabix_94 won by resignation"]

1. e4 c5 2. Nf3 d6 3. d4 cxd4 4.
Qxd4 a6 5. h3 Nc6 6. Qe3 g6 7. c4 Bg7 8. Be2 Nf6 9. O-O O-O 10. Nc3 a5 11. Rd1 Nd7 12. Rb1 a4 13. b4 axb3 14. axb3 Qa5 15. Nd5 e6 16. Nf4 Qa2 17.
Bd2 Nde5 18. Bc3 Ra6 19. Rb2 Qa3 20. Rbb1 Qc5 21. Qd2 Ra3 22. Nd4 Nxd4 23. Bxd4 Qc6 24. Qb2 Ra8 25. f3 f5 26. exf5 Rxf5 27. Nd3 Nxd3 28. Bxd3 Bxd4+ 29. Qxd4 Rf7 30. Be4 Qc5 31. b4 Qxd4+ 32. Rxd4 Ra6 33. b5 Ra4 34. Rbd1 Kg7 35. Kh2 Re7 36. Kg3 Kf6 37. h4 Rb4 38. Bc2 Bd7 39. Rf4+ Kg7 40. Rxd6 Be8 41. b6 Bc6 42. c5 Rb5 43. Rc4 Rf7 44. Rxc6 bxc6 45. Be4 Ra5 46. Bxc6 Rf8 47. Be4 Rc8 48. b7 1-0

[Event "*** Qualifier 2: Titled Tuesday 3|2 Blitz"]
[Site "Chess.com"]
[Date "2017.04.11"]
[Round "6"]
[White "Rating-Schmating"]
[Black "MasterLeif"]
[Result "1-0"]
[WhiteElo "2257"]
[BlackElo "2298"]
[TimeControl "180+2"]
[EndTime "14:24:39 PDT"]
[Termination "Rating-Schmating won by checkmate"]

1. e4 Nf6 2. e5 Nd5 3. c4 Nb6 4. a4 d6 5. a5 N6d7 6. exd6 exd6 7. d4 Be7 8. Nf3 O-O 9. Bd3 Re8 10. O-O Nf6 11. Nc3 Bg4 12. Bg5 Nbd7 13. Be2 h6 14. Bh4 Ne4 15. Bxe7 Qxe7 16. Nd5 Qd8 17. Ne3 Bh5 18. h3 Bg6 19. Bd3 c6 20.
Qc2 Ndf6 21. Nd2 Nxd2 22. Qxd2 Bxd3 23. Qxd3 d5 24. c5 Ne4 25. Rfe1 Qh4 26. Qc2 Re6 27. Nf5 Qg5 28. Nd6 Rg6 29. f4 Qxf4 30. Nxe4 dxe4 31. Qxe4 Qxe4 32. Rxe4 Re6 33. Rxe6 fxe6 34.
a6 Rb8 35. Kh2 Kf7 36. Kg3 b6 37. Rc1 Ke7 38. b4 bxc5 39. bxc5 Rb4 40. Kf3 Ra4 41. Rb1 Rxa6 42. Rb7+ Kf6 43. Ke4 Ra2 44. g4 g5 45. Rc7 Ra6 46. Rh7 Kg6 47. Rb7 Kf6 48.
Rh7 Kg6 49. Rh8 Kg7 50. Rc8 Kf6 51. Rf8+ Kg6 52. Ke5 Ra4 53. Rf6+ Kg7 54. Rxe6 a5 55. Rxc6 Ra1 56. d5 a4 57. d6 a3 58. d7 Re1+ 59. Kf5 Rd1 60. Rd6 Rxd6 61. cxd6 a2 62. d8=Q a1=Q 63. Qe7+ Kg8 64. Kg6 Qb1+ 65. Kxh6 Qa1 66.
Qe8# 1-0

[Event "*** Qualifier 2: Titled Tuesday 3|2 Blitz"]
[Site "Chess.com"]
[Date "2017.04.11"]
[Round "6"]
[White "sergiochess83"]
[Black "evgenyermolaev"]
[Result "1-0"]
[WhiteElo "2605"]
[BlackElo "2373"]
[TimeControl "180+2"]
[EndTime "14:24:40 PDT"]
[Termination "sergiochess83 won on time"]

1. e4 c5 2. Nf3 d6 3. d4 cxd4 4.
Nxd4 Nf6 5. Nc3 a6 6. Be3 e6 7. a4 Nbd7 8. g4 Nc5 9. Bg2 e5 10. Nf5 g6 11. b4 gxf5 12. exf5 Rg8 13. Bf3 Nxg4 14. Bxg4 Qh4 15. Nd5 Kd8 16. bxc5 Qxg4 17.
Qxg4 Rxg4 18. cxd6 Bxf5 19. Bb6+ Kd7 20. Nf6+ Kxd6 21. Nxg4 Bxg4 22. Rg1 h5 23. Rg3 Kc6 24. a5 Bb4+ 25. c3 Bd6 26. h3 Be6 27. Rd1 e4 28. Rg7 f5 29. Rg6 Re8 30. Rh6 Be5 31.
Bd4 Bc7 32. Bb6 Be5 33. Bd4 Bc7 34. Ra1 Kb5 35. Rxh5 Bxa5 36. Rh7 Bd5 37. Rd7 Bc6 38. Rf7 Bd8 39. Rxf5+ Kc4 40. Kd2 Bd7 41. Rc5+ Kb3 42. Rb1+ Ka2 43. Rxb7 Bb5 44. c4 Ba5+ 45. Ke3 1-0

[Event "*** Qualifier 2: Titled Tuesday 3|2 Blitz"]
[Site "Chess.com"]
[Date "2017.04.11"]
[Round "6"]
[White "igorkovalenko"]
[Black "Konavets"]
[Result "0-1"]
[WhiteElo "2643"]
[BlackElo "2615"]
[TimeControl "180+2"]
[EndTime "14:24:40 PDT"]
[Termination "Konavets won by resignation"]

1. c4 e5 2. g3 Nf6 3. Nc3 d5 4.
cxd5 Nxd5 5. Bg2 Nb6 6. Nf3 Nc6 7. d3 Be7 8. O-O O-O 9. Be3 Re8 10. Rc1 Bf8 11. Ne4 Nd5 12. Bc5 Bxc5 13. Nxc5 b6 14. Ne4 Bb7 15. a3 a5 16. Qa4 Qd7 17. e3 Rad8 18. Rfd1 Nd4 19. Qxd7 Nxf3+ 20. Bxf3 Rxd7 21.
d4 f5 22. Ng5 h6 23. Bh5 Ree7 24. Nf3 Nf6 25. Nxe5 Nxh5 26. Nxd7 Rxd7 27. Rc2 Be4 28. Rc3 Nf6 29. Rdc1 Nd5 30. Rc6 Kf7 31. Kf1 Bf3 32. Ke1 Re7 33. Kd2 Re6 34. R6c4 Ke7 35. b4 axb4 36. axb4 Kd7 37. b5 Re8 38. Ra4 Nf6 39. Ra7 Rc8 40. Ke1 g5 41. h3 h5 42. h4 g4 43. Rc3 Bd5 44. Rc2 Ne4 45. Rc1 Nd6 46.
Rb1 Bc4 47. Kd2 Bxb5 48. Ke1 Rb8 49. Rc1 Bc4 50. Rb1 b5 51. Rb4 Bd5 52. Ra5 Ra8 53. Rbxb5 Nxb5 54. Rxb5 Ra1+ 55. Kd2 Ra2+ 56. Ke1 Kd6 57.
Rb8 Ra1+ 58. Kd2 Rf1 59. Rd8+ Ke6 60. Re8+ Kd7 61. Rh8 Rxf2+ 62. Ke1 Rf3 63. Rxh5 Rxe3+ 64. Kd2 Rxg3 65. Rxf5 c6 66. Rg5 Ke6 67. h5 Kf6 68. Rg6+ Kf5 69. Rg7 Rh3 0-1

[Event "*** Qualifier 2: Titled Tuesday 3|2 Blitz"]
[Site "Chess.com"]
[Date "2017.04.11"]
[Round "6"]
[White "brauliocuarta"]
[Black "jeaston1"]
[Result "1-0"]
[WhiteElo "2045"]
[BlackElo "2087"]
[TimeControl "180+2"]
[EndTime "14:24:40 PDT"]
[Termination "brauliocuarta won by resignation"]

1. d4 Nf6 2. c4 c5 3. d5 e6 4. Nc3 exd5 5. cxd5 d6 6. e4 g6 7. f4 Bg7 8. Bb5+ Nfd7 9. a4 O-O 10. Nf3 a6 11. Bd3 Re8 12. O-O Qb6 13. Kh1 Nf6 14. h3 Nh5 15. Kh2 c4 16. Bc2 Nd7 17. Qe2 Nc5 18. Qxc4 f5 19. exf5 Bxf5 20. Bxf5 gxf5 21.
Ng5 Rac8 22. a5 Qb3 23. Qxb3 Nxb3 24. Rb1 Nxa5 25. Ne6 Nc4 26. Nxg7 Kxg7 27. b3 Nb6 28.
Bb2 Nf6 29. Rbe1 Kf7 30. Rxe8 Rxe8 31. Rd1 Re3 32. Kg1 Nh5 33. Kf2 Re8 34. g3 Nf6 35. Kf3 Rc8 36. g4 fxg4+ 37. hxg4 h6 38. g5 hxg5 39.
fxg5 Nh7 40. Ne4 Kg6 41. Rh1 Nxg5+ 42. Nxg5 Kxg5 43. Ke4 Rc2 44. Bd4 Re2+ 45. Kd3 Re7 46. Bxb6 Kf5 47. Bd4 Rc7 48. Rh6 Rd7 49. b4 b5 50. Rf6+ Kg5 51. Re6 Kf5 52. Bf6 Rf7 53.
Rxd6 Rxf6 54. Rxf6+ Kxf6 55. Kd4 Ke7 56. Kc5 Kd7 57.
Kb6 Kd6 58. Kxa6 Kxd5 59. Kxb5 Kd6 60. Ka6 Kd7 61. b5 Kc8 62. Ka7 1-0

[Event "*** Qualifier 2: Titled Tuesday 3|2 Blitz"]
[Site "Chess.com"]
[Date "2017.04.11"]
[Round "6"]
[White "Outsmiter"]
[Black "Tolya2"]
[Result "1/2-1/2"]
[WhiteElo "2106"]
[BlackElo "2315"]
[TimeControl "180+2"]
[EndTime "14:24:41 PDT"]
[Termination "Game drawn - insufficient material"]

1. e4 c5 2. Nc3 e6 3. f4 d5 4. Nf3 dxe4 5. Nxe4 Be7 6. Bb5+ Bd7 7.
a4 Nf6 8. d3 O-O 9. O-O Bc6 10.
Qe2 a6 11. Bc4 Nbd7 12. Ne5 Nxe4 13. Nxc6 bxc6 14. Qxe4 Nb6 15. a5 Nxc4 16. Qxc4 Qd5 17. Be3 Rfb8 18. b3 Rb4 19. Qc3 Rb5 20. Ra4 Bf6 21.
Qc4 Rab8 22. Bd2 Bd4+ 23. Kh1 g6 24. Re1 h5 25. Re4 Rd8 26. Bc3 Qxc4 27. Rxc4 Bxc3 28.
Rxc3 Rxa5 29. h3 Kf8 30. Kh2 Ke7 31. Kg3 Rd5 32. Kh4 Kf6 33. g4 hxg4 34. hxg4 Ra1 35. Rec4 Ra5 36. Kg3 Ke7 37. Kf3 Kd6 38. g5 Ra1 39.
Re4 Rf1+ 40. Ke2 Rh1 41. Rcc4 Rh2+ 42. Kd1 e5 43. fxe5+ Rxe5 44. Rxe5 Kxe5 45. Rxc5+ Kd6 46. Ra5 Rg2 47. Kc1 c5 48. Rxa6+ Ke5 49. Rf6 Rxg5 50. Rxf7 Rg1+ 51. Kb2 g5 52. Kc3 g4 53. b4 cxb4+ 54. Kxb4 g3 55. Rg7 g2 56. Kc5 Kf4 57. c4 Kf3 58. Rf7+ Ke3 59. Rg7 Kxd3 60. Rg3+ Ke2 61. Rg8 Kf2 62. Kc6 Rc1 63. c5 g1=Q 64. Rxg1 Kxg1 65. Kb6 Kf2 66. c6 Ke3 67. Kb7 Kd4 68. c7 Kd5 69. c8=Q Rxc8 70. Kxc8 1/2-1/2

[Event "*** Qualifier 2: Titled Tuesday 3|2 Blitz"]
[Site "Chess.com"]
[Date "2017.04.11"]
[Round "6"]
[White "GM_Splinter"]
[Black "Ginger_GM"]
[Result "0-1"]
[WhiteElo "2346"]
[BlackElo "2438"]
[TimeControl "180+2"]
[EndTime "14:24:44 PDT"]
[Termination "Ginger_GM won on time"]

1. e4 g6 2. d4 Bg7 3. Nc3 d6 4.
h3 a6 5. Be3 b5 6. f4 Bb7 7. a3 Nd7 8. Nf3 Ngf6 9. Bd3 c5 10.
O-O c4 11. e5 cxd3 12. exf6 Nxf6 13. Qxd3 e6 14. f5 gxf5 15. Bg5 Qb6 16. Kh2 Ne4 17. Be3 Nxc3 18. bxc3 Qc6 19. a4 O-O 20. Qd2 Kh8 21.
Bh6 Rg8 22. Rf2 Bxh6 23. Qxh6 Rg6 24. Qh4 Rag8 25. Raf1 bxa4 26. Qe7 a3 27. Qxf7 a2 28. Nh4 Rh6 29. Ra1 Qxc3 30. Rxa2 Qxd4 31. c3 Qe5+ 32. Kg1 Qe1+ 33. Rf1 Qe3+ 34. Rff2 Bd5 35. Re2 Qc1+ 36. Kh2 Qg5 37. Nf3 Qg3+ 38. Kh1 Rxh3+ 39. Kg1 Rh6 40. Qe7 Rhg6 41. Kf1 Qf4 42. Nh4 Qc1+ 43. Re1 Bc4+ 44.
Re2 Bxe2+ 45. Kxe2 Qc2+ 46. Kf1 Qd3+ 47. Kg1 Rh6 0-1

[Event "*** Qualifier 2: Titled Tuesday 3|2 Blitz"]
[Site "Chess.com"]
[Date "2017.04.11"]
[Round "6"]
[White "Feegus"]
[Black "TomsKantans"]
[Result "0-1"]
[WhiteElo "2380"]
[BlackElo "2482"]
[TimeControl "180+2"]
[EndTime "14:24:45 PDT"]
[Termination "TomsKantans won by resignation"]

1. d4 Nf6 2. Bf4 g6 3. e3 Bg7 4.
Nf3 O-O 5. Be2 d6 6. O-O b6 7. h3 Bb7 8. a4 a5 9. c3 Nbd7 10. Bh2 e6 11. Nbd2 Qe7 12. Re1 Rfd8 13. Nc4 Ne4 14. Bf1 f5 15. Rc1 h6 16. Na3 Kh7 17. c4 Ndf6 18. Qc2 Rd7 19. Red1 Rad8 20. Nb5 Qf7 21.
b3 Kh8 22. Be2 g5 23. c5 bxc5 24. dxc5 Nxc5 25. Ne5 dxe5 26. Qxc5 Ne4 27. Rxd7 Rxd7 28.
Qa7 c6 29. Na3 f4 30. Rf1 Nc3 31. Bg4 e4 32. Qxa5 h5 33. Qxg5 hxg4 34. Bxf4 gxh3 35. Qh4+ Kg8 36. Qxh3 Ne2+ 37. Kh2 Nxf4 38. exf4 Qxf4+ 39. g3 Qf5 40. Nc4 Ba6 41. Rc1 Rd3 42. Qxf5 exf5 43.
Na5 Rd2 44. Rxc6 Bd3 45. b4 Rxf2+ 46. Kg1 Bd4 47. b5 Ra2+ 48. Kh1 e3 49. b6 Be4+ 0-1

[Event "*** Qualifier 2: Titled Tuesday 3|2 Blitz"]
[Site "Chess.com"]
[Date "2017.04.11"]
[Round "6"]
[White "MITerryble"]
[Black "JoachimBN"]
[Result "0-1"]
[WhiteElo "2632"]
[BlackElo "2566"]
[TimeControl "180+2"]
[EndTime "14:24:49 PDT"]
[Termination "JoachimBN won by resignation"]

1. d4 Nf6 2. Nf3 e6 3. c4 b6 4. g3 Bb7 5. Bg2 g6 6. O-O Bg7 7. Nc3 O-O 8. Qc2 c5 9. dxc5 bxc5 10. Rd1 Nc6 11. Bf4 d5 12. Ne5 Rc8 13. cxd5 Nd4 14. Qa4 Nxd5 15. Nxd5 Bxd5 16. e4 Ba8 17. Nc4 f5 18.
Qxa7 Bxe4 19. Bxe4 fxe4 20. Qa6 Qf6 21. Nd6 Rc6 22.
Qc4 Rxd6 23. Qxc5 Rdd8 24. Qc4 Qf5 25. Be3 Nf3+ 26. Kg2 Qg4 27. Rxd8 Rxd8 28. h3 Qf5 29. a4 Ne5 30. Qc7 Qf3+ 31. Kg1 Rf8 32. Bc5 Nd3 33. Rf1 Nxc5 34. Qxc5 Bxb2 35. Qc4 Qf5 36. a5 e3 37. a6 exf2+ 38. Kh2 Qd5 39. Qe2 Bd4 40. Rd1 Qc5 41. Qxe6+ Kg7 42. Kg2 Rf7 43. Qe2 Qc6+ 44. Kh2 Ba7 45. Qd3 Qf3 46. Qf1 Qxd1 47. Qxd1 f1=Q 48. Qxf1 0-1